 Dungeon Crawl Stone Soup version 0.25-a0-834-g55863b0b92 (webtiles) character file.

Game seed: 14618959564446870599, levelgen mode: deterministic

1214 Findor the Basher (level 8, -1/118 HPs)
             Began as an Ogre Berserker on Apr 23, 2020.
             Was a Priest of Trog.
             Slain by an ice beast (9 damage)
             ... on level 5 of the Dungeon.
             The game lasted 00:17:05 (7403 turns).

Findor the Basher (Ogre Berserker)                  Turns: 7403, Time: 00:17:06

Health: -1/118     AC:  4    Str: 24    XL:     8   Next: 46%
Magic:  8/8        EV: 10    Int:  8    God:    Trog [***...]
Gold:   171        SH:  0    Dex:  8    Spells: 7/7 levels left

rFire    . . .     SeeInvis .   D - +0 giant spiked club
rCold    . . .     Gourm    .   (shield currently unavailable)
rNeg     . . .     Faith    .   b - +0 animal skin
rPois    .         Spirit   .   (helmet restricted)
rElec    .         Reflect  .   d - +0 cloak
rCorr    .         Harm     .   (gloves unavailable)
MR       ++...                  (boots unavailable)
Stlth    ..........             (no amulet)
HPRegen  1.29/turn              (no ring)
MPRegen  0.11/turn              (no ring)

@: berserking (expiring), regenerating, very quick
A: large, unfitting armour, tough skin 1
a: Berserk, Trog's Hand, Renounce Religion


You were on level 5 of the Dungeon.
You worshipped Trog.
Trog was most pleased with you.
You were very hungry.

You visited 1 branch of the dungeon, and saw 5 of its levels.
You also visited: Ossuary.

You collected 171 gold pieces.


Innate Abilities, Weirdness & Mutations

You are too large for most types of armour.
You have tough skin. (AC +1)


   Skills:
 - Level 4.6 Fighting
 * Level 9.2 Maces & Flails
 - Level 3.1 Dodging


You had 7 spell levels left.
You didn't know any spells.
Your spell library was empty.

Inventory:

Hand Weapons
 a - a +1 mace
 D - a +0 giant spiked club (weapon)
   (You took it off an ogre on level 4 of the Dungeon)
Missiles
 k - 5 curare-tipped darts (quivered)
Armour
 b - a +0 animal skin (worn)
 d - a +0 cloak (worn)
   (You found it on level 2 of the Dungeon)
 j - a scarf of repulsion
   (You found it on level 3 of the Dungeon)
 o - the +1 robe of Watchfulness {*Contam Str+4}
   (You found it on level 4 of the Dungeon)

   It affects your strength (+4).
   It causes magical contamination when unequipped.
Jewellery
 n - an uncursed amulet of faith {!P}
   (You found it on level 4 of the Dungeon)
 p - an uncursed amulet of guardian spirit {unknown}
   (You found it in an ossuary)
 r - an uncursed ring of resist corrosion
   (You found it on level 3 of the Dungeon)
 w - an uncursed ring of resist corrosion
   (You found it in an ossuary)
Wands
 t - a wand of flame (12)
   (You found it on level 4 of the Dungeon)
Scrolls
 g - 4 scrolls of remove curse {@r2}
 i - 4 scrolls of magic mapping
 l - a scroll of teleportation {unknown}
 q - a scroll of immolation {unknown}
 v - a scroll of brand weapon {unknown}
 x - 2 scrolls of amnesia
 y - a scroll of random uselessness {unknown}
 F - a scroll of vulnerability {unknown}
Potions
 e - 3 potions of curing {@q1}
 f - a potion of stabbing {unknown}
 h - 3 potions of cancellation {unknown}
 m - a potion of ambrosia {unknown}
 s - 3 potions of haste {unknown}
 u - 3 potions of might {unknown}
 z - a potion of magic {unknown}
 A - 2 potions of heal wounds {@q2}
 B - a potion of brilliance
 C - a potion of resistance
Comestibles
 c - 3 rations
 E - 3 chunks of flesh


Message History

There is a stone staircase leading up here.
Found an escape hatch in the floor.
There is an escape hatch in the floor here.
An ice beast comes into view.
An ice beast is nearby!
The ice beast hits you. The ice beast freezes you!
You closely miss the ice beast.
The ice beast hits you but does no damage.
You barely miss the ice beast. The ice beast hits you.
The ice beast freezes you! The ice beast barely misses you.
You barely miss the ice beast. The ice beast barely misses you.
You barely miss the ice beast. The ice beast barely misses you.
You barely miss the ice beast. The ice beast barely misses you.
The ice beast hits you. The ice beast freezes you!
You hit the ice beast. The ice beast hits you.
* * * LOW HITPOINT WARNING * * *
The ice beast freezes you!
* * * LOW HITPOINT WARNING * * *
You hit the ice beast.
The ice beast hits you but does no damage.
You closely miss the ice beast.
The ice beast hits you but does no damage.
The ice beast hits you.
* * * LOW HITPOINT WARNING * * *
The ice beast freezes you!
* * * LOW HITPOINT WARNING * * *
Unknown command.
Your skin crawls.
You feel resistant to hostile enchantments.
You are feeling hungry.
The ice beast barely misses you.
A red film seems to cover your vision as you go berserk!
You feel yourself moving faster!
You feel mighty!
You are feeling very hungry.
The ice beast barely misses you.
You barely miss the ice beast.
The ice beast hits you but does no damage.
You barely miss the ice beast. The ice beast hits you.
* * * LOW HITPOINT WARNING * * *
The ice beast freezes you.
* * * LOW HITPOINT WARNING * * *
You closely miss the ice beast. You barely miss the ice beast.
The ice beast hits you.
* * * LOW HITPOINT WARNING * * *
The ice beast freezes you!
* * * LOW HITPOINT WARNING * * *
You barely miss the ice beast. The ice beast hits you.
* * * LOW HITPOINT WARNING * * *
The ice beast freezes you!
You die...

############
......Y@...#
##########.#
#.#############
#..............
#####.######.##
########.######.##
.......>........>#
###############..#
#.<#


You could see an ice beast.

Vanquished Creatures
  A sky beast (D:4)
  An ogre (D:4)
  7 scorpions (Ossuary)
  2 centaur zombies (Ossuary)
  A hound (D:3)
  4 human zombies (Ossuary)
  An orc priest (D:4)
  An orc wizard (D:4)
  An iguana (D:4)
  3 worker ants
  2 big kobold zombies (Ossuary)
  A hound skeleton (D:4)
  3 mummies (Ossuary)
  9 adders
  4 gnolls (D:2)
  5 scorpion zombies (Ossuary)
  3 worms
  3 dart slugs (D:1)
  2 leopard geckos
  13 orcs
  3 giant cockroaches
  6 goblins
  4 hobgoblins
  6 jackals
  3 quokkas
  9 bats
  5 frilled lizards
  A giant cockroach zombie (D:5)
  3 gnoll zombies (Ossuary)
  A goblin zombie (Ossuary)
  4 hobgoblin zombies (Ossuary)
  A jackal skeleton (D:4)
  13 kobolds
  2 kobold zombies (Ossuary)
  4 rats
  2 plants (D:1)
134 creatures vanquished.

Vanquished Creatures (others)
  A human (D:3)
  A scorpion (Ossuary)
  An orc zombie (Ossuary)
3 creatures vanquished.

Grand Total: 137 creatures vanquished

Notes
Turn   | Place    | Note
-------+----------+-------------------------------------------
     0 | D:1      | Findor the Ogre Berserker began the quest for the Orb.
     0 | D:1      | Reached XP level 1. HP: 24/24 MP: 1/1
   216 | D:1      | Reached skill level 3 in Maces & Flails
   222 | D:1      | Reached XP level 2. HP: 18/32 MP: 2/2
   793 | D:1      | Reached ** piety under Trog
   793 | D:1      | Reached XP level 3. HP: 39/39 MP: 3/3
  1091 | D:2      | Found a shimmering blue altar of Sif Muna.
  1123 | D:2      | HP: 1/39 [worm (10)]
  1422 | D:2      | Reached skill level 4 in Maces & Flails
  1604 | D:2      | Reached XP level 4. HP: 30/48 MP: 4/4
  2740 | D:2      | Reached skill level 5 in Maces & Flails
  2740 | D:2      | Reached XP level 5. HP: 20/54 MP: 5/5
  2747 | D:2      | HP: 14/81 [gnoll (5)]
  3595 | D:3      | Reached *** piety under Trog
  3779 | D:3      | Reached XP level 6. HP: 61/62 MP: 6/6
  4075 | D:3      | Reached skill level 6 in Maces & Flails
  4090 | D:3      | Found an ancient bone altar of Kikubaaqudgha.
  4090 | D:3      | Noticed a human
  4093 | D:3      | Killed a human
  4506 | D:4      | Got a smoking robe
  4509 | D:4      | Found a sand-covered staircase.
  4514 | D:4      | Identified the +1 robe of Watchfulness {*Contam Str+4} (You
                  | found it on level 4 of the Dungeon)
  4536 | Ossuary  | Entered an ossuary
  4863 | Ossuary  | Reached skill level 7 in Maces & Flails
  4863 | Ossuary  | Reached XP level 7. HP: 27/70 MP: 7/7
  5010 | Ossuary  | Reached **** piety under Trog
  5479 | Ossuary  | Reached skill level 8 in Maces & Flails
  5805 | Ossuary  | Reached XP level 8. HP: 62/78 MP: 8/8
  6559 | D:4      | Reached skill level 3 in Dodging
  6963 | D:4      | Reached skill level 9 in Maces & Flails
  7307 | D:5      | Entered Level 5 of the Dungeon
  7400 | D:5      | HP: 23/118 [ice beast (6)]
  7402 | D:5      | HP: 10/118 [ice beast (14)]
  7403 | D:5      | Slain by an ice beast

Levels and vault maps discovered:
D:1:      roderic_crop_circles_arrival_small, layout_loops_cross,
          hangedman_decor_lopped, minmay_misc_feat_nine_boxes
D:2:      layout_basic, lemuel_tele_altar
D:3:      layout_basic, tgw_kikubaaqudgha
D:4:      layout_basic, lightli_ossuary_entry_decrepit_ruins, first_ration
D:5:      layout_loops_ring, eino_curves_03, kennysheep_generic_room_2,
          uniq_menkaure, uniq_duvessa

Action                   |  1- 3 |  4- 6 |  7- 9 || total
-------------------------+-------+-------+-------++-------
Melee: Mace              |   167 |   285 |   165 ||   617
       Giant spiked club |       |       |    37 ||    37
Invok: Berserk           |       |     2 |     4 ||     6
       Trog's Hand       |       |     1 |     6 ||     7
  Use: Potion            |       |     2 |     2 ||     4
       Scroll            |       |    11 |     1 ||    12
  Eat: Chunk             |     2 |     9 |       ||    11
       Ration            |       |     1 |     4 ||     5
Armor: Animal skin       |    46 |   102 |    42 ||   190
Dodge: Dodged            |    73 |   174 |    65 ||   312
